 Dungeon Crawl Stone Soup version 0.31.0-11-ge490571c62 (webtiles) character file.

Game seed: 3288677418900683862

39 Gadfly the Trooper (level 3, 0/29 HPs)
             Began as a Demonspawn Monk on Jan 29, 2024.
             Slain by a goblin
             ... wielding a +0 dagger
             ... led by Robin
              (2 damage)
             ... on level 1 of the Dungeon.
             The game lasted 00:01:34 (1294 turns).

Gadfly the Trooper (Demonspawn Monk)                Turns: 1294, Time: 00:01:35

Health: 0/29       AC:  2    Str: 13    XL:     3   Next: 28%
Magic:  3/3        EV: 13    Int: 10    God:
Gold:   42         SH:  0    Dex: 15    Spells: 2/2 levels left

rFire   . .          .
                       - Unarmed
rCold   . . .        c - orb {light}
rNeg    . . .        a - +0 robe
rPois   .            (helmet restricted)
rElec   .            (no cloak)
rCorr   .            (no gloves)
SInv    .            (no boots)
Will    .....        (no amulet)
Stlth   +            (no ring)
HPRegen 0.24/turn    (no ring)
MPRegen 0.08/turn

%: no passive effects
@: glowing
A: antennae 1, weakness stinger 1
a: no special abilities


You were on level 1 of the Dungeon.
You visited 1 branch of the dungeon, and saw 2 of its levels.

You collected 42 gold pieces.

Inventory:

Armour
 a - a +0 robe (worn)
 c - an orb of light (worn)


   Skills:
 + Level 3.2 Fighting
 + Level 2.8 Dodging
 * Level 3.0 Unarmed Combat
 * Level 1.4 Evocations
 * Level 1.0 Shapeshifting


You had 2 spell levels left.
You didn't know any spells.
Your spell library was empty.

Dungeon Overview and Level Annotations

Branches:
Dungeon (2/15)

Altars:

Annotations:
D:2 Robin


Innate Abilities, Weirdness & Mutations

You have a pair of small antennae on your head.
You have a small tail.


Message History

The goblin is severely wounded.
The goblin completely misses you. The goblin hits you but does no damage.
You hit the goblin.
You kill the goblin!
The goblin hits you with a +0 dagger.
* * * LOW HITPOINT WARNING * * *
The hobgoblin no longer looks unusually strong.
The goblin no longer looks unusually strong.
The goblin misses you.
Things that are here:
a +0 club; a goblin corpse The goblin attacks as it pursues you!
The goblin hits you but does no damage. The goblin hits you with a +0 dagger.
* * * LOW HITPOINT WARNING * * *
The goblin attacks as it pursues you! The goblin hits you with a +0 dagger.
* * * LOW HITPOINT WARNING * * *
The goblin attacks as it pursues you! The goblin closely misses you.
The goblin attacks as it pursues you! The goblin closely misses you.
The goblin no longer looks unusually strong.
The goblin attacks as it pursues you! The goblin closely misses you.
The goblin attacks as it pursues you! The goblin hits you with a +0 dagger.
* * * LOW HITPOINT WARNING * * *
The goblin attacks as it pursues you! The goblin hits you with a +0 dagger.
* * * LOW HITPOINT WARNING * * *
The goblin attacks as it pursues you! The goblin barely misses you.
The goblin attacks as it pursues you! The goblin hits you with a +0 dagger.
* * * LOW HITPOINT WARNING * * *
The goblin closely misses you.
There is a stone staircase leading up here.
The goblin closely misses you.
You climb upwards.
There is a stone staircase leading down here.
You barely miss the goblin. The goblin barely misses you.
You barely miss the goblin. The goblin hits you with a +0 dagger.
* * * LOW HITPOINT WARNING * * *
You barely miss the goblin. The goblin hits you but does no damage.
You hit the goblin.
The goblin is severely wounded.
The goblin hits you with a +0 dagger.
You die...

##(.#.#.##..##.#.##.#
#......##...#.#.##.#
#.##....).....#.##.#
#.##.#.##...###.##.#
##.##.#.............#
.#.##.######...#.####
.#..#.#..........#
.##.#.#.#...#....#
.'....#.#...##.g@#
.##.###.#...##.############
.##.# #.'...'.............#
.##.# ###...##.##########.#
###.##########.#......# #.#
#..........#.#.#..#.# #.#
############.#.#.##.#.# #.#
........# #.#.#....#.# #.#
#######.#
#.#.######.###.###


You could see a goblin.

Vanquished Creatures
  A dart slug (D:1)
  4 endoplasms (D:1)
  8 goblins
  3 hobgoblins (D:1)
  A quokka (D:1)
  4 ball pythons (D:1)
  6 bats (D:1)
  3 frilled lizards (D:1)
  2 kobolds (D:1)
  3 rats (D:1)
35 creatures vanquished.

Notes
Turn   | Place    | Note
-------+----------+-------------------------------------------
     0 | D:1      | Gadfly the Demonspawn Monk began the quest for the Orb.
     0 | D:1      | Reached XP level 1. HP: 18/18 MP: 1/1
   198 | D:1      | Discovered your monstrous ancestry.
   198 | D:1      | Gained mutation: You have a small tail. [demonic ancestry]
   198 | D:1      | Reached XP level 2. HP: 24/24 MP: 2/2
   368 | D:1      | Reached skill level 1 in Evocations
   908 | D:1      | Reached skill level 1 in Shapeshifting
   908 | D:1      | Gained mutation: You have a pair of small antennae on your
                  | head. [demonic ancestry]
   908 | D:1      | Reached XP level 3. HP: 29/29 MP: 3/3
  1230 | D:2      | Noticed Robin
  1294 | D:1      | Slain by a goblin

Illustrated notes

Levels and vault maps discovered:
D:1:      scummos_arrival_simple_fountains, layout_basic
D:2:      layout_basic, minmay_3d_cube, uniq_robin

Skill      XL: |  1  2 |
---------------+-------+-----
Evocations     | 1 |  1.4
Unarmed Combat | 3 |  3.0
Shapeshifting  | 1 |  1.0
Fighting       | |  3.2
Dodging        | |  2.8

Action                     || total
---------------------------++-------
  Melee: Unarmed           ||    87
         Tailslap          ||    12
    Use: Scroll            ||     3
         Potion            ||     3
 Armour: Robe              ||    66
  Dodge: Dodged            ||    90
